 Dungeon Crawl Stone Soup version 0.24.0-10-g970556be89 (webtiles) character file.

Game seed: 9034903243925285569, levelgen mode: deterministic

189 Inarius the Ducker (level 5, -1/24 HPs)
             Began as a Felid Fighter on Nov 3, 2019.
             Slain by a gnoll sergeant
             ... wielding a +0 trident
              (15 damage)
             ... on level 4 of the Dungeon.
             The game lasted 00:05:49 (3974 turns).

Inarius the Ducker (Felid Fighter)                  Turns: 3974, Time: 00:05:50

Health: -1/24      AC:  1    Str: 12    XL:     5   Next: 40%
Magic:  6/6        EV: 21    Int:  9    God:
Gold:   155        SH:  0    Dex: 17    Spells: 4/4 levels left
                                        Lives:  0   Deaths: 1

rFire    . . .     SeeInvis +     - Unarmed
rCold    . . .     Gourm    .   (shield unavailable)
rNeg     . . .     Faith    .   (armour unavailable)
rPois    .         Spirit   .   (helmet unavailable)
rElec    .         Reflect  .   (cloak unavailable)
rCorr    .         Harm     .   (gloves unavailable)
MR       .....                  (boots unavailable)
Stlth    ++........             g - amulet of the acrobat
HPRegen  0.08/turn              e - ring of attention (curse)
MPRegen  0.10/turn              (no ring)

@: quick
A: very small, no armour, no weapons or thrown items, stealth, claws 1, fangs 3,
see invisible, carnivore, speed 1, shaggy fur 1, slow metabolism 1, sharp paws
a: no special abilities


You were on level 4 of the Dungeon.
You were completely stuffed.

You visited 1 branch of the dungeon, and saw 4 of its levels.

You collected 155 gold pieces.

Inventory:

Jewellery
 e - a cursed ring of attention (left paw)
 g - an amulet of the acrobat (around neck)
Wands
 a - a wand of polymorph (8)
Scrolls
 c - 2 scrolls of identify
 d - a scroll of fear
Potions
 f - a potion of brilliance {unknown}
 h - a potion of heal wounds {unknown}
 j - a potion of curing {unknown}
 k - a potion of haste {unknown}
Comestibles
 b - 6 rations
 i - 7 chunks of flesh


   Skills:
 + Level 3.3 Fighting
 * Level 6.0 Dodging
 * Level 4.3 Stealth
 + Level 5.1 Unarmed Combat


You had 4 spell levels left.
You didn't know any spells.
Your spell library was empty.

Dungeon Overview and Level Annotations

Branches:
Dungeon (4/15)
 Temple: D:4-7

Altars:
Fedhas

Annotations:
D:2 Natasha


Innate Abilities, Weirdness & Mutations

You cannot wear armour.
You are incapable of wielding weapons or throwing items.
Your paws allow you to move quietly. (Stealth)
You have sharp claws.
You have razor-sharp teeth.
You have supernaturally acute eyesight. (SInv)
You are carnivorous and can eat meat at any time.
You cover ground quickly.
You are covered in fur. (AC +1)
You have a slow metabolism.
Your sharp claws are effective at attacking unaware monsters.


Message History

Your Dodging skill increases to level 6!
There is an open door here.
You see here a gnoll corpse.
You butcher the gnoll corpse.
i - 7 chunks of flesh (gained 2)
There is an open door here.
You see here a gnoll skeleton.
The gnoll sergeant is too close now for your liking.
There is an open door here.
You see here a gnoll skeleton.
You start waiting.
The gnoll sergeant is too close now for your liking.
The gnoll sergeant closely misses you.
You closely miss the gnoll sergeant.
You scratch the gnoll sergeant but do no damage.
The gnoll sergeant hits you with a +0 trident!
You scratch the gnoll sergeant but do no damage.
The gnoll sergeant hits you with a +0 trident!
Ouch! That really hurt!
You die...

#########..............
....
#.............#####+###
..... #.............# #
..... #.............# #
..... #.............# #
....####........######
#............#....#
#...g######g##....#
#....#....@.......#
#....#............#
#....#............#
#....#..###########
#...g#'###..#
#....#..#...#
#....#..'.[.# ....#
#....#..#...# ....#
###....#########+#
#+#....#


You could see a gnoll sergeant.

Vanquished Creatures
  An orc priest (D:3)
  Jessica (D:2)
  An orc wizard (D:3)
  Natasha (D:2)
  A gnoll (D:4)
  2 adders
  5 worms
  A dart slug (D:1)
  12 orcs
  11 bats
  6 giant cockroaches
  8 goblins
  6 hobgoblins
  7 jackals
  2 ball pythons
  4 frilled lizards
  A jackal skeleton (D:4)
  8 kobolds
  7 rats
85 creatures vanquished.

Notes
Turn   | Place    | Note
-------+----------+-------------------------------------------
     0 | D:1      | Inarius the Felid Fighter began the quest for the Orb.
     0 | D:1      | Reached XP level 1. HP: 10/10 MP: 2/2
   215 | D:1      | Reached XP level 2. HP: 12/14 MP: 3/3
   507 | D:1      | Reached skill level 1 in Stealth
   879 | D:1      | Reached XP level 3. HP: 17/17 MP: 4/4
  1485 | D:2      | Noticed Natasha
  1493 | D:2      | Killed Natasha
  1493 | D:2      | Reached XP level 4. HP: 21/21 MP: 5/5
  1532 | D:2      | Noticed Jessica
  1535 | D:2      | Killed Jessica
  1535 | D:2      | Reached skill level 5 in Dodging
  1817 | D:2      | Noticed Natasha
  2021 | D:2      | Killed from afar by Natasha
  2022 | D:2      | Reached XP level 3. HP: -2/17 MP: 4/4
  2450 | D:3      | Reached XP level 4. HP: 21/21 MP: 5/5
  2977 | D:3      | Reached skill level 5 in Unarmed Combat
  2979 | D:3      | Reached XP level 5. HP: 8/24 MP: 6/6
  3818 | D:4      | Found a blossoming altar of Fedhas.
  3958 | D:4      | Reached skill level 6 in Dodging
  3974 | D:4      | Slain by a gnoll sergeant

Levels and vault maps discovered:
D:1:      saegor_arrival_simple_a, layout_rooms
D:2:      layout_basic, uniq_natasha, uniq_jessica
D:3:      cheibrodos_old_hovel, layout_loops_ring, minmay_pentomino_pile
D:4:      layout_gridville, fedhas_altar_2, minivault_26, grunt_decor_arrowhead,
          hangedman_decor_riveting, solitary_fountain, abandoned_shop

Skill      XL: |  1  2  3  4  5 |
---------------+----------------+-----
Stealth        | 1 2 4 |  4.3
Dodging        | 5 6 |  6.0
Unarmed Combat | 5 |  5.1
Fighting       | |  3.3

Action                   |  1- 3 |  4- 6 || total
-------------------------+-------+-------++-------
Melee: Unarmed           |   117 |   127 ||   244
       Bite              |     5 |    10 ||    15
       Punch             |     2 |     4 ||     6
  Use: Scroll            |     2 |     4 ||     6
       Potion            |     1 |     2 ||     3
 Stab: Sleeping          |     7 |     3 ||    10
       Invisible         |       |     1 ||     1
  Eat: Chunk             |    13 |     6 ||    19
Armor: Skin              |     9 |     1 ||    10
Dodge: Dodged            |   122 |   101 ||   223
